 Dungeon Crawl Stone Soup version 0.28.0-53-g5a82cb258f (webtiles) character file.

Game seed: 14075750863118321869

4394 Peloso the Carver (level 10, 0/89 HPs)
             Began as a Minotaur Fighter on July 24, 2022.
             Was a High Priest of Okawaru.
             Slain by Snorg (13 damage)
             ... on level 9 of the Dungeon.
             The game lasted 00:16:09 (6251 turns).

Peloso the Carver (Minotaur Fighter)                Turns: 6251, Time: 00:16:09

Health: 0/89       AC: 20    Str: 23    XL:     10   Next: 13%
Magic:  7/9        EV:  9    Int:  5    God:    Okawaru [*****.]
Gold:   610        SH:  7    Dex: 12    Spells: 9/9 levels left

rFire   . . .      SeeInvis .   a - +1 long sword
rCold   . . .      Faith    .   e - +0 buckler
rNeg    . . .      Spirit   .   m - +1 plate armour
rPois   .          Reflect  .   (helmet restricted)
rElec   .          Harm     .   (no cloak)
rCorr   .          Rampage  .   h - +2 pair of gloves
Will    .....                   (no boots)
Stlth   ..........              k - amulet of regeneration
HPRegen 1.04/turn               (no ring)
MPRegen 0.11/turn               (no ring)

@: heroic
A: horns 2, retaliatory headbutt
a: Renounce Religion, Heroism, Finesse, Duel


You were on level 9 of the Dungeon.
You worshipped Okawaru.
Okawaru was extremely pleased with you.
You visited 2 branches of the dungeon, and saw 11 of its levels.
You also visited: Ossuary.

You collected 610 gold pieces.

Inventory:

Hand Weapons
 a - a +1 long sword (weapon)
 b - a +2 hand axe of flaming
 c - a +0 vampiric falchion
Missiles
 A - a throwing net (quivered)
Armour
 e - a +0 buckler (worn)
 h - a +2 pair of gloves (worn)
 m - a +1 plate armour (worn)
Jewellery
 j - an amulet of the acrobat
 k - an amulet of regeneration (around neck)
 t - an amulet of guardian spirit
 C - the ring of Socked {Wiz Contam rCorr Str+2 Slay+3}
   (You found it on level 6 of the Dungeon)

   [ring of wizardry]

   It improves your spell success rate.
   Str:       It affects your strength (+2).
   Slay:      It affects your accuracy & damage with ranged weapons and melee
   (+3).
   Contam:    It causes magical contamination when unequipped.
   rCorr:     It protects you from acid and corrosion.
 J - an amulet of magic regeneration
 M - a ring of positive energy
 N - a ring of ice
Wands
 B - a wand of flame (18)
 E - a wand of mindburst (6)
 F - a wand of acid (8)
Scrolls
 d - 5 scrolls of fear
 g - a scroll of blinking
 i - 2 scrolls of immolation
 p - 3 scrolls of magic mapping {unknown}
 r - a scroll of vulnerability {unknown}
 s - 2 scrolls of silence {unknown}
 u - 7 scrolls of noise {unknown}
 x - 2 scrolls of holy word
 y - 3 scrolls of teleportation {unknown}
 z - a scroll of fog
 D - 2 scrolls of enchant weapon
 I - 4 scrolls of enchant armour
 K - a scroll of amnesia {unknown}
Potions
 f - a potion of invisibility
 l - 4 potions of heal wounds
 n - 3 potions of haste
 o - 3 potions of curing
 q - a potion of brilliance
 v - a potion of magic
 w - a potion of might
 G - a potion of berserk rage {unknown}
 H - a potion of resistance {unknown}
 L - a potion of ambrosia {unknown}


   Skills:
 + Level 8.3(13.3) Fighting
 + Level 12.2(17.2) Long Blades
 + Level 8.8(13.8) Armour
 + Level 0.8(5.8) Dodging
 + Level 7.6(12.6) Shields
 + Level 0.3 Invocations


You had 9 spell levels left.
You didn't know any spells.
Your spell library contained the following spells:

 Spells                   Type           Power      Damage    Failure   Level
 Pain                     Necr           0%         1d4       99%         1
 Shock                    Conj/Air       0%         1d3       99%         1
 Corpse Rot               Necr/Air       0%         N/A       100%        2
 Ensorcelled Hibernation  Hex/Ice        0%         N/A       100%        2
 Sublimation of Blood     Necr           0%         N/A       100%        2
 Dazzling Flash           Conj/Hex       0%         N/A       100%        3
 Gell's Gravitas          Tloc           0%         N/A       100%        3
 Lesser Beckoning         Tloc           0%         N/A       100%        3
 Portal Projectile        Hex/Tloc       0%         N/A       100%        3
 Spider Form              Tmut/Pois      0%         N/A       100%        3
 Swiftness                Air            0%         N/A       100%        3
 Teleport Other           Tloc           0%         N/A       100%        3
 Vampiric Draining        Necr           0%         2d6       100%        3
 Airstrike                Air            0%         N/A       100%        4
 Anguish                  Hex/Necr       0%         N/A       100%        4
 Dispel Undead            Necr           0%         3d6       100%        4
 Iskenderun's Mystic Bla  Conj/Tloc      0%         2d3       100%        4
 Leda's Liquefaction      Hex/Erth       0%         N/A       100%        4
 Petrify                  Tmut/Erth      0%         N/A       100%        4
 Irradiate                Conj/Tmut      0%         3d14      100%        5
 Starburst                Conj/Fire      0%         6d3       100%        6
 Animate Skeleton         Necr           Unusable   N/A       N/A         1
 Call Canine Familiar     Summ           Unusable   N/A       N/A         3
 Death Channel            Necr           Unusable   N/A       N/A         6

Dungeon Overview and Level Annotations

Branches:
Dungeon (10/15)            Temple (1/1) D:4         Ossuary (visited)
   Lair: D:8-11         Orc: D:9-12

Altars:
Hepliaklqana
Makhleb
Nemelex Xobeh
Okawaru
Qazlal
Vehumet
Xom
Yredelemnul
Zin

Shops:
D:4 (   D:5 (

Annotations:
D:9 Fire Fly, Snorg


Innate Abilities, Weirdness & Mutations

You have a pair of horns on your head.
You reflexively headbutt those who attack you in melee.


Message History

There are monsters nearby!
You see here a scarf of invisibility.
There are monsters nearby!
A white imp comes into view.
The white imp shouts, "Take thy face hence, thou spongy knotty-pated rump-roast!"
Snorg the Insatiable comes into view.
Snorg shouts!
The white imp gestures at you.
The puff of frost hits you but does no damage.
A polar bear comes into view.
Snorg goes berserk!
You hear an angry growl.
There is a stone staircase leading up here.
Snorg bites you but does no damage. Snorg claws you! x2
Snorg barely misses you. Snorg claws you. You block Snorg's attack.
You climb upwards.
Level annotation: Fire Fly
There is a stone staircase leading down here.
You gain the combat prowess of a mighty hero.
Snorg bites you but does no damage. You block Snorg's attack.
Snorg barely misses you.
Okay, then.
You hit Snorg.
Snorg is lightly wounded.
Snorg bites you. You block Snorg's attack. Snorg claws you!
You completely miss Snorg.
Snorg is lightly wounded.
Snorg barely misses you. You furiously retaliate!
You headbutt Snorg! You block Snorg's attack. Snorg barely misses you.
Snorg bites you. Snorg claws you but does no damage. Snorg claws you.
You slash Snorg!
Snorg is lightly wounded.
Snorg bites you! Snorg claws you!
* * * LOW HITPOINT WARNING * * *
Snorg claws you!
* * * LOW HITPOINT WARNING * * *
You hit Snorg.
Snorg is lightly wounded.
Snorg bites you!
You die...

##### #<#.............§§≈≈≈≈§≈≈≈≈
#.#....#..........§≈≈≈§§≈≈§
#.#.^..#...#.#.....≈.§§§.≈.
#######.#........#.###.....[§§...
....<.#.#........#...............
....###.#..........######......##
....# #.###.####.### ########
....# #.# #.# #T# ....# #.# #.#
#@# ....# #.# #.# ### ....#
#.###.# ##### #...(.# #######


You could see Snorg (berserk).

Vanquished Creatures
  Pikel (D:3)
  A centaur zombie (D:9)
  A hornet (D:9)
  A vampire (D:10)
  A wyvern (D:9)
  5 steam dragons
  2 water moccasins
  A necrophage (D:7)
  A black bear (D:5)
  An ogre (D:5)
  An ice beast (D:7)
  2 phantoms
  A kobold brigand (D:9)
  Blork the orc (D:4)
  11 scorpions
  A water moccasin zombie (D:7)
  2 howler monkeys
  A bullfrog zombie (D:6)
  2 orc priests
  4 human zombies (Ossuary)
  A hound (D:5)
  A gnoll shaman (D:5)
  3 centaur skeletons
  2 iguanas
  3 scorpion zombies (Ossuary)
  5 orc wizards
  A hound skeleton (D:5)
  3 mummies (Ossuary)
  A howler monkey zombie (D:7)
  Robin (D:3)
  5 gnolls (D:5)
  6 adders
  A white imp (D:8)
  An ufetubus (D:4)
  An adder skeleton (D:4)
  4 dart slugs
  22 orcs
  5 ball pythons
  4 endoplasms
  A giant cockroach (D:2)
  9 goblins
  4 hobgoblins
  2 jackals (D:1)
  8 kobolds
  5 quokkas
  3 training dummies (D:5)
  3 bats
  2 frilled lizards
  3 gnoll zombies (Ossuary)
  A goblin zombie (Ossuary)
  2 hobgoblin zombies (Ossuary)
  3 kobold zombies (Ossuary)
  An orc zombie (Ossuary)
  5 rats
163 creatures vanquished.

Vanquished Creatures (others)
  2 fungi (D:7)
2 creatures vanquished.

Grand Total: 165 creatures vanquished

Notes
Turn   | Place    | Note
-------+----------+-------------------------------------------
     0 | D:1      | Peloso the Minotaur Fighter began the quest for the Orb.
     0 | D:1      | Reached XP level 1. HP: 19/19 MP: 0/0
   123 | D:1      | Reached XP level 2. HP: 26/27 MP: 1/1
   627 | D:2      | Found a faded altar of an unknown god.
   778 | D:2      | Reached XP level 3. HP: 30/33 MP: 2/2
  1399 | D:3      | Noticed Robin
  1418 | D:3      | Reached skill level 3 in Long Blades
  1433 | D:3      | Killed Robin
  1434 | D:3      | Reached XP level 4. HP: 40/40 MP: 3/3
  1908 | D:4      | Reached skill level 4 in Long Blades
  1931 | D:4      | Noticed Blork the orc
  1940 | D:4      | Killed Blork the orc
  1941 | D:4      | Reached skill level 5 in Long Blades
  1941 | D:4      | Reached XP level 5. HP: 30/47 MP: 4/4
  1948 | D:4      | Found a staircase to the Ecumenical Temple.
  1960 | Temple   | Entered the Ecumenical Temple
  1966 | Temple   | Became a worshipper of Warmaster Okawaru
  2221 | D:4      | Found Taulokh's Antique Weapon Shop.
  2236 | D:4      | Noticed Pikel
  2236 | D:4      | Noticed a lemure
  2236 | D:4      | Noticed a lemure
  2236 | D:4      | Noticed a lemure
  2238 | D:4      | Noticed a lemure
  2255 | D:3      | Killed Pikel
  2255 | D:3      | Reached * piety under Okawaru
  2255 | D:3      | Reached ** piety under Okawaru
  2256 | D:3      | Reached skill level 7 in Long Blades
  2256 | D:3      | Reached skill level 5 in Armour
  2256 | D:3      | Reached XP level 6. HP: 55/55 MP: 5/5
  2256 | D:3      | Reached XP level 7. HP: 60/60 MP: 6/6
  2407 | D:5      | Entered Level 5 of the Dungeon
  2419 | D:5      | Reached skill level 5 in Fighting
  2424 | D:5      | Reached skill level 5 in Shields
  2432 | D:5      | Reached skill level 8 in Long Blades
  2475 | D:5      | Found a hazy altar of Hepliaklqana.
  2505 | D:5      | Reached XP level 8. HP: 59/68 MP: 7/7
  2522 | D:5      | Found Tahud's Firing Range.
  2566 | D:5      | Found a sand-covered staircase.
  2578 | D:5      | Reached *** piety under Okawaru
  2585 | Ossuary  | Entered an ossuary
  2676 | Ossuary  | Reached skill level 9 in Long Blades
  2864 | Ossuary  | Reached skill level 10 in Long Blades
  3359 | D:6      | Reached XP level 9. HP: 70/78 MP: 8/8
  3532 | D:6      | Reached **** piety under Okawaru
  3639 | D:6      | Identified the ring of Socked {Wiz Contam rCorr Str+2
                  | Slay+3}
  3941 | D:7      | HP: 3/79 [orc priest/divine providence (10)]
  4229 | D:7      | Reached skill level 11 in Long Blades
  4924 | D:8      | Reached ***** piety under Okawaru
  5249 | D:8      | Found a glowing silver altar of Zin.
  5249 | D:8      | Found a sparkling altar of Nemelex Xobeh.
  5501 | D:9      | Noticed a lindwurm
  5501 | D:9      | Noticed a lindwurm
  5512 | D:9      | Noticed a lindwurm
  5518 | D:9      | Noticed a lindwurm
  5667 | D:9      | Reached skill level 12 in Long Blades
  5680 | D:9      | Received a gift from Okawaru
  5681 | D:9      | Reached XP level 10. HP: 83/88 MP: 9/9
  6060 | D:8      | Found a stormy altar of Qazlal.
  6060 | D:8      | Found a basalt altar of Yredelemnul.
  6060 | D:8      | Found a radiant altar of Vehumet.
  6181 | D:10     | Entered Level 10 of the Dungeon
  6234 | D:10     | Noticed Snorg
  6251 | D:9      | Slain by Snorg

Illustrated notes

Levels and vault maps discovered:
D:1:      ncdulo_watergridlock, layout_basic
D:2:      layout_loops_ring, hellmonk_ecumenical_altar_blasted,
          minmay_pentomino_s4
D:3:      minmay_general_purpose_star, layout_basic, st_stairs_6, hex_medium,
          uniq_robin
D:4:      layout_cave_pools, minmay_temple_entry_crystal_x, serial_shops, shop,
          uniq_blork_the_orc, uniq_pikel
D:5:      layout_rooms, worldfamousw_hep_ancestral_shrine, enter_ossuary_3,
          nicolae_shop_firing_range
D:6:      layout_rooms, minmay_stone_trees_large,
          nicolae_concentric_dashed_squares_wild
D:7:      kennysheep_steamy, layout_basic
D:8:      layout_loops_corners, nicolae_overflow_hidden_temple,
          eino_small_chamber_without_monster
D:9:      layout_basic, minmay_lindwurm_lava
D:10:     layout_roguey, serial_ice, serial_ice_d, serial_ice_i, serial_ice_e,
          serial_ice_o, serial_bayou_pond_d, minmay_joined_circles, uniq_snorg
Temple:   kb_temple_of_zot

Skill      XL: |  1  2  3  4  5  6  7  8  9 10 |
---------------+-------------------------------+-----
Shields        | 4 5 6 7 |  7.6
Armour         | 4 5 6 7 8 |  8.8
Fighting       | 4 5 6 7 8 |  8.3
Long Blades    | 3 5 7 8 10 12 | 12.2
Dodging        | |  0.8
Invocations    | |  0.3

Action                   |  1- 3 |  4- 6 |  7- 9 | 10-12 || total
-------------------------+-------+-------+-------+-------++-------
Melee: Long sword        |    78 |    51 |   331 |     6 ||   466
       Headbutt          |     8 |    12 |    73 |     5 ||    98
       Falchion          |       |       |    33 |    24 ||    57
Invok: Heroism           |       |       |     3 |     3 ||     6
  Use: Scroll            |       |     5 |    11 |       ||    16
       Potion            |       |       |     1 |       ||     1
Armor: Scale mail        |    20 |       |       |       ||    20
       Plate armour      |    21 |    39 |   191 |    12 ||   263
Dodge: Dodged            |    25 |    16 |   100 |    14 ||   155
Block: Buckler           |    20 |    22 |    93 |     7 ||   142
